 Dungeon Sprint DCSS version 0.17.0 (webtiles) character file.

32 Iamburgie the Scratcher (level 3, -4/21 HPs)
             Began as a Felid Monk on Nov 7, 2015.
             Was a Believer of Makhleb.
             Slain by a centaur warrior (15 damage)
             ... in the Dungeon (Sprint IX: "|||||||||||||||||||||||||||||").
             The game lasted 00:01:15 (176 turns).

Iamburgie the Scratcher (Felid Monk)                 Turns: 176, Time: 00:01:15

Health: -4/21      AC:  1    Str:  7    XL:     3   Next: 8%
Magic:  4/4        EV: 20    Int: 14    God:    Makhleb [**....]
Gold:   0          SH:  0    Dex: 22    Spells: 0 memorised, 2 levels left
                                        Lives:  0   Deaths: 1

rFire  . . .     SeeInvis +       - Unarmed
rCold  . . .     Clarity  .     (armour unavailable)
rNeg   . . .     SustAt   .     (shield unavailable)
rPois  .         Gourm    .     (helmet unavailable)
rElec  .         Spirit   .     (cloak unavailable)
rCorr  .         Warding  .     (gloves unavailable)
rMut   .         NoTele   +     (boots unavailable)
MR     .....                    (no amulet)
Stlth  +++.......               l - +3 ring of intelligence
                                k - +3 ring of dexterity

@: quick, not resistant to hostile enchantments, fairly stealthy
A: no armour, no weapons or thrown items, claws 1, fangs 3, see invisible,
carnivore 3, speed 1, shaggy fur 1, slow metabolism 1, sharp paws
a: Minor Destruction, Renounce Religion


You were in the Dungeon.
You worshipped Makhleb.
Makhleb was pleased with you.
You were not hungry.

You visited 1 branch

Inventory:

Jewellery
 k - a +3 ring of dexterity (left paw)
 l - a +3 ring of intelligence (right paw)
Wands
 j - a wand of cold (7)
Scrolls
 g - 2 scrolls of blinking
 h - 3 scrolls of remove curse
 i - 2 scrolls of amnesia
Potions
 b - 5 potions of curing
 c - a potion of invisibility
 d - a potion of haste
 e - 4 potions of magic
 f - 2 potions of heal wounds
Comestibles
 a - a meat ration


   Skills:
 + Level 6.4 Fighting
 - Level 4.0 Dodging
 - Level 2.6 Stealth
 + Level 7.0 Unarmed Combat


You had 2 spell levels left.
You didn't know any spells.

Dungeon Overview and Level Annotations

Branches:
Dungeon (1/1)

Altars:
Cheibriados
Dithmenos
Elyvilon
Fedhas
Gozag
Kikubaaqudgha
Makhleb
Nemelex Xobeh
Okawaru
Qazlal
Ru
Sif Muna
Trog
Vehumet
Xom
Yredelemnul
Zin
The Shining One
Beogh
Jiyva
Lugonu


Innate Abilities, Weirdness & Mutations

You cannot wear armour.
You are incapable of wielding weapons or throwing items.
You have sharp claws.
You have razor-sharp teeth.
You have supernaturally acute eyesight.
You are carnivorous and can eat meat at any time.
You cover ground quickly.
You are covered in fur (AC +1).
You have a slow metabolism.
Your sharp claws are effective at attacking unaware monsters.


Message History

The hill giant completely misses you.
You scratch the hill giant.
The hill giant is almost dead.
You claw the hill giant!
The hill giant is almost dead.
The hill giant hits you with a giant spiked club!!
Ouch! That really hurt!
You die...
You are now level 3!
You rejoin the land of the living...
Okay, then.
As you open the door, it creaks loudly!
A komodo dragon, a jelly, 2 centaurs, a hungry ghost and a wight come into view.
The centaur warrior shouts!
The komodo dragon hisses angrily.
The centaur shouts!
The jelly quivers.
You scratch the centaur warrior but do no damage.
The centaur warrior hits you! x2
Ouch! That really hurt!
You die...

▓▓▓▓▓
▓...▓
▓.▓.▓
▓.▓.▓
▓@▓.▓
▓c▓.▓
▓l▓.▓
▓W▓.▓
▓c▓.▓
▓.▓.▓
▓z▓.▓
▓J▓.▓
▓.▓


You could see a centaur warrior, a komodo dragon, a hungry ghost, a centaur, a
jelly and a wight.

Vanquished Creatures
  A crimson imp (D)
  A jelly (D)
  A worm (D)
  An orc (D)
  3 bats (D)
  A bat zombie (D)
  A jackal (D)
  A rat (D)
10 creatures vanquished.

Notes
Turn   | Place    | Note
--------------------------------------------------------------
     0 | D        | Iamburgie the Felid Monk began the quest for the Orb.
     0 | D        | Reached XP level 1. HP: 10/10 MP: 2/2
    42 | D        | Noticed a crimson imp
    42 | D        | Noticed a jelly
    45 | D        | Killed a jelly
    45 | D        | Reached skill level 5 in Fighting
    45 | D        | Reached skill level 6 in Unarmed Combat
    45 | D        | Reached XP level 2. HP: 16/16 MP: 3/3
    45 | D        | Reached XP level 3. HP: 19/19 MP: 4/4
    86 | D        | Killed a crimson imp
    86 | D        | Reached skill level 7 in Unarmed Combat
    86 | D        | Reached XP level 4. HP: 21/24 MP: 5/5
    91 | D        | Found a glowing silver altar of Zin.
    91 | D        | Found a glowing golden altar of the Shining One.
    91 | D        | Found an ancient bone altar of Kikubaaqudgha.
    91 | D        | Found a basalt altar of Yredelemnul.
    91 | D        | Found a shimmering altar of Xom.
    91 | D        | Found a radiant altar of Vehumet.
    92 | D        | Found an iron altar of Okawaru.
    93 | D        | Found a burning altar of Makhleb.
    94 | D        | Found a deep blue altar of Sif Muna.
    95 | D        | Found a bloodstained altar of Trog.
    96 | D        | Found a sparkling altar of Nemelex Xobeh.
    97 | D        | Found a white marble altar of Elyvilon.
    98 | D        | Found a roughly hewn altar of Beogh.
    99 | D        | Found a viscous altar of Jiyva.
   100 | D        | Found a corrupted altar of Lugonu.
   101 | D        | Became a worshipper of Makhleb the Destroyer
   101 | D        | Reached * piety under Makhleb
   101 | D        | Reached ** piety under Makhleb
   102 | D        | Found a blossoming altar of Fedhas.
   103 | D        | Found a snail-covered altar of Cheibriados.
   104 | D        | Found a shadowy altar of Dithmenos.
   105 | D        | Found a stormy altar of Qazlal.
   106 | D        | Found an opulent altar of Gozag.
   107 | D        | Found a sacrificial altar of Ru.
   133 | D        | Noticed a soldier ant
   133 | D        | Noticed an ogre
   133 | D        | Noticed a deep elf mage
   133 | D        | Noticed a deep elf mage
   133 | D        | Noticed an orc warrior
   133 | D        | Noticed a hill giant
   151 | D        | Annihilated by a hill giant
   152 | D        | Reached XP level 3. HP: -23/21 MP: 4/4
   175 | D        | Noticed a centaur warrior
   175 | D        | Noticed a komodo dragon
   175 | D        | Noticed a hungry ghost
   175 | D        | Noticed a centaur
   175 | D        | Noticed a wight
   175 | D        | Noticed a jelly
   176 | D        | Slain by a centaur warrior

Action                   |  1- 3 |  4- 6 || total
-------------------------+-------+-------++-------
Melee: Unarmed           |    39 |    18 ||    57
  Use: Potion            |     2 |       ||     2
 Stab: Sleeping          |     3 |       ||     3
  Eat: Chunk             |     5 |       ||     5
